 Dungeon Crawl Stone Soup version 0.20.1-1-g8b1a95d (webtiles) character file.

9632 Irenicus the Martial Artist (level 11, -4/66 HPs)
             Began as an Octopode Chaos Knight on Oct 13, 2017.
             Killed from afar by Erolcha (12 damage)
             ... with a bolt of lightning
             ... on level 9 of the Dungeon.
             The game lasted 00:29:21 (9192 turns).

Irenicus the Martial Artist (Octopode Chaos Knight) Turns: 9192, Time: 00:29:22

Health: -4/66      AC:  2    Str: 15 (18) XL:     11   Next: 49%
Magic:  11/11      EV: 18    Int: 14      God:    Xom [..*...]
Gold:   447        SH:  0    Dex: 12 (13) Spells: 10/10 levels left

rFire    . . .     SeeInvis .     - Unarmed
rCold    + . .     Gourm    .   (no shield)
rNeg     . . .     Faith    .   (helmet restricted)
rPois    .         Spirit   .   J - amulet of magic regeneration
rElec    .         Reflect  .   p - +6 ring of strength
rCorr    .         Harm     .   D - ring of flight (curse)
MR       +....                  g - ring of protection from cold
Stlth    ++........             (no ring)
Regen    0.3/turn               (no ring)
MPRegen  0.2/turn               (no ring)
                                (no ring)
                                (no ring)

@: invisible
A: almost no armour, stealthy swim, amphibious, 8 rings, constrict 8, rugged
brown scales 1, camouflage 1, blurry vision 1, clumsy 1, deterioration 2, frail
1, magic resistance 1, gelatinous body 1
a: Renounce Religion, Evoke Flight


You were on level 9 of the Dungeon.
You worshipped Xom.
You were a toy of Xom.
You were hungry.

You visited 1 branch of the dungeon, and saw 9 of its levels.
You visited the Abyss 1 time.
You also visited: Sewer.

You collected 447 gold pieces.

Inventory:

Jewellery
 g - a ring of protection from cold (on tentacle)
 p - a +6 ring of strength (left tentacle)
 D - a cursed ring of flight (right tentacle)
 J - an amulet of magic regeneration (around mantle)
Wands
 e - a wand of flame (13/48)
 o - a wand of acid (7/15)
 y - a wand of flame (16/48)
 E - a wand of acid (6/15)
 H - a wand of digging (8/24)
Scrolls
 f - 2 scrolls of teleportation
 i - 2 scrolls of enchant armour
 k - 3 scrolls of magic mapping
 q - a scroll of blinking
 s - 2 scrolls of fear {unknown}
 t - 4 scrolls of recharging
 x - 2 scrolls of fog {unknown}
 B - 2 scrolls of enchant weapon {unknown}
 C - 2 scrolls of amnesia {unknown}
 F - 3 scrolls of remove curse {unknown}
Potions
 b - a potion of haste
 c - 2 potions of curing
 d - 2 potions of agility
 m - 3 potions of might
 r - a potion of magic
 u - a potion of heal wounds
 v - 2 potions of flight
 A - a potion of cancellation
 G - a potion of brilliance
Books
 l - a book of Flames

   Spells                             Type                      Level
   a - Flame Tongue                   Conjuration/Fire             1
   b - Throw Flame                    Conjuration/Fire             2
   c - Conjure Flame                  Conjuration/Fire             3
   d - Inner Flame                    Hexes/Fire                   3
   e - Sticky Flame                   Conjuration/Fire             4
   f - Fireball                       Conjuration/Fire             5
Miscellaneous
 I - a lightning rod (2/4)
Comestibles
 a - 9 bread rations
 n - 4 meat rations
 z - a royal jelly


   Skills:
 + Level 5.5 Fighting
 + Level 9.6 Dodging
 - Level 14.1 Unarmed Combat


You had 10 spell levels left.
You didn't know any spells.

Dungeon Overview and Level Annotations

Branches:
Dungeon (9/15)             Temple (0/1) D:6            Lair (0/6) D:9
    Orc: D:9-12

Altars:
Ashenzari
Elyvilon
Gozag
Hepliaklqana
Makhleb
Okawaru
Uskayaw
Vehumet

Shops:
D:7 (

Annotations:
D:5 exclusion: statue
D:9 1 runed door, exclusion: killer bee, Erolcha


Innate Abilities, Weirdness & Mutations

You cannot wear most types of armour.
You are very stealthy in the water. (Stealth+)
You are amphibious.
You can wear up to eight rings at the same time.
You can use your tentacles to constrict eight enemies at once.
Your skin changes colour to match your surroundings (Stealth+).
Your rubbery body absorbs attacks. (AC +1, EV +1)
You are partially covered in rugged brown scales. (AC +1, +3% HP)
Scrolls take you a little longer to read.
You are clumsy. (Dex -2)
Your body often deteriorates upon taking damage.
You are frail. (-10% HP)
You are resistant to hostile enchantments. (MR+)


Message History

That durian smelled terrible... but tasted delicious!
Erolcha shouts!
Erolcha casts a spell.
Erolcha flickers and vanishes!
Deactivating autopickup; reactivate with Ctrl-A.
You hear some strange, mumbled words.
A stone arrow appears from out of thin air!
The stone arrow misses you. Something hits you!!
* * * LOW HITPOINT WARNING * * *
Your body deteriorates!
You feel weakened.
The orc shouts!
Found 2 potions of degeneration.
Things that are here:
a club; 3 tomahawks of dispersal; an orc corpse You fade into invisibility!
You hear some strange, mumbled words.
A bolt of lightning appears from out of thin air!
The bolt of lightning hits you!
You die...

#........
#.....#
########.
#.#...#
........
#.#...#
........
#.....#
........
#.....#
........
#.....######
######+#
#..)......o.
......
#.).@.......
##....
#..........!
#....
#....#......
#....
#...........
......
############
######


You could see an orc.

Vanquished Creatures
  A tentacled starspawn (Abyss:1)
  A rakshasa (Abyss:1)
  Erica (D:9)
  An unseen horror (Abyss:1)
  The ghost of kalagan the Digger, a novice GrEE of Qazlal (D:7)
  The ghost of Irenicus the Martial Artist, a novice OpCK of Xom (D:6)
  A troll (D:9)
  Grinder (D:6)
  A raiju (Abyss:1)
  4 hippogriffs
  The ghost of Gobbopathe the Changer, an amateur VSTm of Uskayaw (Sewer)
  5 yaks (D:9)
  2 hungry ghosts
  Edmund (D:4)
  2 ice beasts
  A sky beast (D:5)
  An orc warrior (D:9)
  A black bear (D:9)
  A phantom (D:8)
  2 ogres
  A crocodile (D:9)
  A big kobold (D:7)
  4 bullfrogs
  A wyvern skeleton (D:8)
  A scorpion (D:9)
  3 wights (D:9)
  2 howler monkeys
  3 crimson imps
  A quasit (D:7)
  2 centaur zombies
  3 orc priests
  6 hounds
  2 jellies
  2 centaur skeletons (D:4)
  2 bullfrog skeletons
  5 orc wizards
  Natasha (thrice) (D:4 D:7)
  2 iguanas
  5 worker ants
  Robin (D:2)
  11 adders
  11 gnolls
  A river rat (Sewer)
  3 oozes
  2 adder zombies
  An adder skeleton (D:6)
  3 worms
  3 dart slugs
  4 leopard geckos
  24 orcs
  4 ball pythons
  7 giant cockroaches
  18 goblins
  8 hobgoblins
  10 jackals
  12 kobolds
  5 quokkas
  8 bats
  12 frilled lizards
  A quokka zombie (D:6)
  23 rats
  2 starspawn tentacles (Abyss:1)
253 creatures vanquished.

Vanquished Creatures (others)
  An orc warrior (D:6)
  A sky beast (D:6)
  An orc (D:6)
  A starspawn tentacle (Abyss:1)
4 creatures vanquished.

Grand Total: 257 creatures vanquished

Notes
Turn   | Place    | Note
-------+----------+-------------------------------------------
     0 | D:1      | Irenicus the Octopode Chaos Knight began the quest for the Orb.
     0 | D:1      | Reached XP level 1. HP: 16/16 MP: 1/1
    17 | D:1      | Reached XP level 2. HP: 11/21 MP: 2/2
   215 | D:1      | Reached skill level 4 in Unarmed Combat
   215 | D:1      | Reached XP level 3. HP: 17/26 MP: 3/3
   390 | D:1      | XOM: divination: magic mapping
   943 | D:2      | XOM is BORED!
   943 | D:2      | XOM: silly message
   969 | D:2      | Reached XP level 4. HP: 18/31 MP: 4/4
  1035 | D:2      | Reached skill level 5 in Unarmed Combat
  1075 | D:2      | XOM: divination: detect creatures
  1215 | D:2      | Noticed Robin
  1227 | D:2      | XOM: enchant monster (good)
  1232 | D:2      | Killed Robin
  1314 | D:2      | XOM: god gift: green potion {god gift}
  1573 | D:2      | Reached XP level 5. HP: 34/36 MP: 5/5
  1910 | D:3      | XOM: 1-stop teleportation journey
  1959 | D:3      | Found a glowing drain.
  1978 | Sewer    | Entered a sewer
  2013 | Sewer    | Noticed Gobbopathe's ghost (amateur VSTm)
  2038 | Sewer    | Killed Gobbopathe's ghost
  2038 | Sewer    | Reached skill level 6 in Unarmed Combat
  2038 | Sewer    | Reached XP level 6. HP: 42/42 MP: 6/6
  2042 | Sewer    | Reached skill level 7 in Unarmed Combat
  2271 | Sewer    | XOM is BORED!
  2271 | Sewer    | XOM: give mutations
  2271 | Sewer    | Gained mutation: You are clumsy. (Dex -2) [Xom's mischief]
  2271 | Sewer    | Gained mutation: You are occasionally teleported next to monsters. [Xom's mischief]
  2412 | D:3      | XOM: mild Tloc miscast
  2772 | D:3      | XOM: silly message
  2847 | D:3      | Reached XP level 7. HP: 42/46 MP: 7/7
  2851 | D:4      | XOM: stealth player
  2980 | D:4      | Found an opulent altar of Gozag.
  3021 | D:4      | Reached skill level 8 in Unarmed Combat
  3031 | D:4      | XOM: 3-stop teleportation journey
  3032 | D:4      | Noticed Edmund
  3036 | D:4      | Killed Edmund
  3051 | D:4      | Reached skill level 9 in Unarmed Combat
  3478 | D:4      | Noticed Natasha
  3482 | D:4      | Killed Natasha
  3513 | D:4      | XOM: 4-stop teleportation journey
  3514 | D:4      | Noticed Natasha
  3517 | D:4      | Killed Natasha
  3517 | D:4      | Reached XP level 8. HP: 46/52 MP: 8/8
  3801 | D:5      | Entered Level 5 of the Dungeon
  3920 | D:5      | Found a radiant altar of Vehumet.
  3953 | D:5      | XOM: harmless Necr miscast
  3954 | D:5      | Reached skill level 10 in Unarmed Combat
  4034 | D:5      | Found an iron altar of Okawaru.
  4068 | D:5      | XOM: harmless Conj miscast
  4642 | D:6      | Noticed Grinder
  4644 | D:6      | Paralysed by Grinder for 5 turns
  4652 | D:6      | Killed Grinder
  4685 | D:6      | Found a staircase to the Ecumenical Temple.
  4731 | D:6      | XOM: medium Erth miscast
  4806 | D:6      | Noticed Irenicus's ghost (novice OpCK)
  4812 | D:6      | Killed Irenicus's ghost
  4812 | D:6      | Reached skill level 11 in Unarmed Combat
  4812 | D:6      | Reached XP level 9. HP: 21/56 MP: 9/9
  4898 | D:6      | XOM: harmless Necr miscast
  4989 | D:6      | XOM: divine lightning
  5017 | D:6      | Gained mutation: You are frail. (-10% HP) [mutagenic meat]
  5018 | D:6      | Gained mutation: You are very frail. (-20% HP) [mutagenic meat]
  5019 | D:6      | Gained mutation: You occasionally shout uncontrollably at your foes. [mutagenic meat]
  5021 | D:6      | Gained mutation: You possess an exceptional clarity of mind. [mutagenic meat]
  5028 | D:6      | Reached skill level 12 in Unarmed Combat
  5163 | D:6      | XOM: summons 2 hostile demons
  5266 | D:6      | XOM: give mutations
  5266 | D:6      | Gained mutation: You sometimes yell uncontrollably at your foes. [Xom's mischief]
  5266 | D:6      | Lost mutation: You are clumsy. (Dex -2) [Xom's mischief]
  5266 | D:6      | Gained mutation: You are partially covered in rugged brown scales. (AC +1, +3% HP) [Xom's mischief]
  5266 | D:6      | Gained mutation: Your body sometimes deteriorates upon taking damage. [Xom's mischief]
  5535 | D:6      | Found a white marble altar of Elyvilon.
  5787 | D:7      | Noticed Natasha
  5794 | D:7      | Killed Natasha
  5892 | D:7      | Noticed kalagan's ghost (novice GrEE)
  5901 | D:7      | Lost mutation: You are occasionally teleported next to monsters. [potion of mutation]
  5901 | D:7      | Lost mutation: Your body sometimes deteriorates upon taking damage. [potion of mutation]
  5901 | D:7      | Lost mutation: You sometimes yell uncontrollably at your foes. [potion of mutation]
  5901 | D:7      | Lost mutation: You occasionally shout uncontrollably at your foes. [potion of mutation]
  5901 | D:7      | Gained mutation: You are resistant to hostile enchantments. (MR+) [potion of mutation]
  5901 | D:7      | Gained mutation: Your body sometimes deteriorates upon taking damage. [potion of mutation]
  5901 | D:7      | Gained mutation: You have a pair of small antennae on your head. [potion of mutation]
  5908 | D:7      | XOM: 4-stop teleportation journey
  5910 | D:7      | XOM: god gift: runed short sword {god gift}
  6059 | D:7      | XOM: mild Summ miscast
  6159 | D:7      | XOM: smoke on damage
  6166 | D:7      | HP: 1/46 [hippogriff (3)]
  6364 | D:7      | XOM: 1-stop teleportation journey
  6557 | D:7      | Killed kalagan's ghost
  6557 | D:7      | Reached skill level 13 in Unarmed Combat
  6629 | D:7      | Found a burning altar of Makhleb.
  6728 | D:7      | Found Heniudur's Weapon Emporium.
  6754 | D:7      | XOM: 2-stop teleportation journey
  6769 | D:7      | XOM: give mutation
  6769 | D:7      | Lost mutation: You possess an exceptional clarity of mind. [Xom's mischief]
  6808 | D:7      | Reached XP level 10. HP: 52/52 MP: 10/10
  6913 | D:7      | XOM: confusion
  6964 | D:8      | XOM: harmless Fire miscast
  7028 | D:8      | XOM: give mutations
  7028 | D:8      | Gained mutation: You are extremely frail. (-30% HP) [Xom's mischief]
  7028 | D:8      | Gained mutation: Your body often deteriorates upon taking damage. [Xom's mischief]
  7039 | D:8      | XOM: give mutations
  7039 | D:8      | Gained mutation: You are clumsy. (Dex -2) [Xom's mischief]
  7039 | D:8      | Gained mutation: You are weak. (Str -2) [Xom's mischief]
  7039 | D:8      | Lost mutation: You are extremely frail. (-30% HP) [Xom's mischief]
  7039 | D:8      | Lost mutation: You have a pair of small antennae on your head. [Xom's mischief]
  7145 | D:8      | Found a hazy altar of Hepliaklqana.
  7325 | D:8      | Reached skill level 14 in Unarmed Combat
  7419 | D:8      | Found a hide-covered altar of Uskayaw.
  7769 | D:8      | XOM: enchant monster (bad)
  7844 | D:9      | Noticed Erica
  7851 | D:9      | Killed Erica
  7851 | D:9      | Reached skill level 5 in Dodging
  8181 | D:9      | XOM: give mutations
  8181 | D:9      | Lost mutation: You are very frail. (-20% HP) [Xom's mischief]
  8181 | D:9      | Gained mutation: Scrolls take you a little longer to read. [Xom's mischief]
  8181 | D:9      | Lost mutation: You are weak. (Str -2) [Xom's mischief]
  8235 | D:9      | Noticed a death yak
  8238 | D:9      | Found a staircase to the Lair.
  8245 | D:9      | XOM: chaos cloud
  8246 | D:9      | XOM: destruction
  8248 | D:9      | XOM: summons friendly ufetubus
  8249 | D:9      | Paralysed by you for 3 turns
  8249 | D:9      | XOM: 3-stop teleportation journey
  8250 | D:9      | Noticed a death yak
  8250 | D:9      | Noticed a death yak
  8250 | D:9      | Noticed a death yak
  8251 | D:9      | Noticed a death yak
  8259 | D:9      | XOM: divination: detect creatures
  8302 | D:9      | Found a shattered altar of Ashenzari.
  8345 | D:9      | Found a runed door.
  8380 | D:9      | XOM: divination: detect items
  8534 | D:9      | Reached XP level 11. HP: 35/64 MP: 11/11
  8668 | D:9      | XOM: cloud trail
  8677 | D:9      | Noticed Erolcha
  8685 | D:9      | Cast into level 1 of the Abyss (Erolcha)
  8690 | Abyss:1  | Noticed a tentacled starspawn
  8690 | Abyss:1  | XOM: enchant monster (good)
  8691 | Abyss:1  | XOM: divination: detect creatures
  8695 | Abyss:1  | XOM: confuse monster(s)
  8708 | Abyss:1  | XOM: potion effect (agility)
  8716 | Abyss:1  | Killed a tentacled starspawn
  8748 | Abyss:1  | Noticed a thrashing horror
  8806 | Abyss:1  | Noticed a tentacled starspawn
  8857 | Abyss:1  | Noticed a rakshasa
  8864 | Abyss:1  | XOM: destruction
  8866 | Abyss:1  | Killed a rakshasa
  8866 | Abyss:1  | Reached skill level 5 in Fighting
  8917 | Abyss:1  | Killed an unseen horror
  8969 | D:9      | Escaped the Abyss
  8971 | D:9      | XOM: polymorph rust devil -> rust devil
  9018 | D:9      | XOM: medium Fire miscast
  9192 | D:9      | Killed from afar by Erolcha

Skill      XL: |  1  2  3  4  5  6  7  8  9 10 11 |
---------------+----------------------------------+-----
Unarmed Combat | 4 5 6 7 9 11 13 14 | 14.1
Dodging        | 7 9 |  9.6
Fighting       | 4 5 |  5.5

Action                   |  1- 3 |  4- 6 |  7- 9 | 10-12 || total
-------------------------+-------+-------+-------+-------++-------
Melee: Unarmed           |    69 |   153 |   223 |   165 ||   610
       Constrict         |    18 |    44 |    41 |    14 ||   117
       Tentacles         |     9 |    31 |    38 |    29 ||   107
       Punch             |     2 |     3 |    16 |    18 ||    39
Evoke: Wand              |       |     2 |     4 |     5 ||    11
       Lightning rod     |       |       |       |     2 ||     2
  Use: Potion            |       |     1 |     9 |    11 ||    21
       Scroll            |       |     1 |     6 |     8 ||    15
 Stab: Sleeping          |     4 |    14 |    13 |     6 ||    37
       Distracted        |       |     2 |     2 |     2 ||     6
       Petrified         |       |       |       |     6 ||     6
       Invisible         |       |       |       |     3 ||     3
  Eat: Chunk             |       |     6 |    18 |     9 ||    33
       Fruit             |       |       |       |     2 ||     2
Armor: Skin              |     5 |     9 |    12 |    53 ||    79
Dodge: Dodged            |    44 |    83 |   120 |    75 ||   322
